 Dungeon Crawl Stone Soup version 0.21-a0-404-g291f19a (webtiles) character file.

1120 Hasart the Tainter (level 8, -6/62 HPs)
             Began as a Naga Venom Mage on Oct 29, 2017.
             Mangled by a phantom (10 damage)
             ... on level 6 of the Dungeon.
             The game lasted 00:16:40 (6347 turns).

Hasart the Tainter (Naga Venom Mage)                Turns: 6347, Time: 00:16:40

Health: -6/62      AC: 11    Str: 11    XL:     8   Next: 34%
Magic:  12/15      EV: 12    Int: 17    God:
Gold:   204        SH:  0    Dex: 12    Spells: 6/16 levels left

rFire    . . .     SeeInvis +   A - +3 mace (protect)
rCold    . . .     Gourm    .   (no shield)
rNeg     . . .     Faith    .   a - +0 robe
rPois    +         Spirit   .   (no helmet)
rElec    .         Reflect  .   (no cloak)
rCorr    .         Harm     .   (no gloves)
MR       +....     Clarity  +   (no barding)
Stlth    +++.......             (no amulet)
HPRegen  0.20/turn              G - ring of stealth
MPRegen  0.14/turn              n - +2 ring of evasion

@: protection aura, very slow
A: see invisible, clarity, deformed body, poison resistance, screaming 1, shaggy
fur 1, slowness 2, slow metabolism 1, spit poison 1, no potion heal 1, AC +2
a: Spit Poison


You were on level 6 of the Dungeon.
You were very hungry.

You visited 2 branches of the dungeon, and saw 7 of its levels.

You collected 204 gold pieces.

Inventory:

Hand Weapons
 A - a +3 mace of protection (weapon)
Missiles
 g - a throwing net (quivered)
Armour
 a - a +0 robe (worn)
 s - a +1 shield
Jewellery
 h - an uncursed ring of positive energy
 n - a +2 ring of evasion (right hand)
 G - a ring of stealth (left hand)
Wands
 t - a wand of polymorph (12/24)
 z - a wand of lightning (4/15)
Scrolls
 l - 2 scrolls of identify
 m - 2 scrolls of fog
 o - a scroll of magic mapping
 p - a scroll of teleportation
 u - a scroll of remove curse
 E - a scroll of fear
Potions
 d - a potion of haste
 e - 2 potions of lignification
 i - a potion of invisibility
 j - a potion of brilliance
 r - a potion of berserk rage {unknown}
 v - a potion of mutation
Books
 b - a Young Poisoner's Handbook

   Spells                             Type                      Level
   a - Sting                          Conjuration/Poison           1
   b - Poisonous Vapours              Poison/Air                   2
   c - Mephitic Cloud                 Conjuration/Poison/Air       3
   d - Olgreb's Toxic Radiance        Poison                       4
   e - Venom Bolt                     Conjuration/Poison           5
 D - a book of Changes

   Spells                             Type                      Level
   a - Beastly Appendage              Transmutation                1
   b - Sticks to Snakes               Transmutation                2
   c - Spider Form                    Transmutation/Poison         3
   d - Ice Form                       Ice/Transmutation            4
   e - Blade Hands                    Transmutation                5
Comestibles
 c - 4 bread rations
 f - 3 meat rations
 k - 3 royal jellies


   Skills:
 - Level 1.5 Dodging
 - Level 3.0 Stealth
 + Level 4.7 Spellcasting
 + Level 4.7 Conjurations
 * Level 9.7 Poison Magic


You had 6 spell levels left.
You knew the following spells:

 Your Spells              Type           Power        Failure   Level  Hunger
a - Sting                 Conj/Pois      ####         1%          1    None
b - Poisonous Vapours     Pois/Air       ###...       3%          2    #......
c - Mephitic Cloud        Conj/Pois/Air  ###.....     6%          3    ###....
d - Olgreb's Toxic Radia  Pois           #####...     2%          4    ####...


Dungeon Overview and Level Annotations

Branches:
Dungeon (6/15)             Temple (1/1) D:5

Altars:
Ashenzari
Elyvilon
Fedhas
Gozag
Hepliaklqana
Kikubaaqudgha
Makhleb
Qazlal
Ru
Vehumet
Wu Jian
Xom
Yredelemnul
Zin

Shops:
D:4 ?


Innate Abilities, Weirdness & Mutations

You cannot wear boots.
Your serpentine skin is tough. (AC +2)
You have supernaturally acute eyesight. (SInv)
Armour fits poorly on your strangely shaped body.
Your system is resistant to poisons. (rPois)
You cover ground very slowly.
You have a slow metabolism.
You can spit poison.
You possess an exceptional clarity of mind.
You occasionally shout uncontrollably at your foes.
You are covered in fur. (AC +1)
Potions are less effective at restoring your health.


Message History

The worker ant is heavily wounded.
The worker ant bites you! The phantom barely misses you.
The worker ant bites you. The phantom hits you!
* * * LOW HITPOINT WARNING * * *
Casting: Poisonous Vapours
Confirm with . or Enter, or press ? or * to list all spells.
Aiming: Poisonous Vapours
Press: ? - help, Dir - move target cursor, f/p - worker ant
Aim: a worker ant (heavily wounded, poisoned) Poisonous vapours surround the worker ant!
The worker ant looks even sicker.
The worker ant bites you.
* * * LOW HITPOINT WARNING * * *
The phantom hits you.
* * * LOW HITPOINT WARNING * * *
You hit the worker ant.
Your weapon exudes an aura of protection.
The worker ant is almost dead.
You kill the worker ant!
The phantom hits you!
You die...

#..≈≈≈≈.......
##..≈≈≈≈..# .#
#...≈W≈...# ..#
#...≈.....##..#
#._≈....⌠.....#
#....##....##.#
.########...#
........W..##
......†@..##
.....######
.... ?.


You could see a phantom.

Vanquished Creatures
  A sky beast (D:3)
  An ice beast (D:6)
  2 ogres
  A centaur (D:5)
  A howler monkey (D:4)
  2 jellies (D:5)
  2 crimson imps
  2 orc priests (D:5)
  2 hounds
  4 orc wizards (D:5)
  A bullfrog skeleton (D:3)
  Terence (D:3)
  3 worker ants
  5 adders
  2 river rats (D:5)
  A white imp (D:4)
  An ooze (D:2)
  3 worms
  A dart slug (D:1)
  3 leopard geckos
  7 orcs
  4 giant cockroaches
  14 goblins
  7 hobgoblins
  8 jackals
  2 ball pythons
  5 bats
  8 frilled lizards
  4 kobolds
  A leopard gecko zombie (D:5)
  5 rats
104 creatures vanquished.

Notes
Turn   | Place    | Note
-------+----------+-------------------------------------------
     0 | D:1      | Hasart the Naga Venom Mage began the quest for the Orb.
     0 | D:1      | Reached XP level 1. HP: 15/15 MP: 3/3
   195 | D:1      | Reached XP level 2. HP: 17/22 MP: 0/5
   250 | D:1      | Learned a level 2 spell: Poisonous Vapours
   822 | D:2      | Reached XP level 3. HP: 18/28 MP: 1/6
   913 | D:2      | Reached skill level 5 in Poison Magic
  1165 | D:2      | Found an ornate altar of the Wu Jian Council.
  1335 | D:2      | Reached XP level 4. HP: 31/36 MP: 7/7
  1589 | D:2      | Learned a level 4 spell: Olgreb's Toxic Radiance
  2402 | D:3      | Noticed a sky beast
  2411 | D:3      | Killed a sky beast
  2411 | D:3      | Reached skill level 6 in Poison Magic
  2411 | D:3      | Reached XP level 5. HP: 32/42 MP: 1/9
  2484 | D:3      | Learned a level 3 spell: Mephitic Cloud
  2628 | D:3      | Noticed Terence
  2634 | D:3      | Killed Terence
  2641 | D:3      | Reached XP level 6. HP: 41/49 MP: 4/10
  3312 | D:4      | Reached skill level 7 in Poison Magic
  4135 | D:4      | Found Lezyximm's Magic Scroll Boutique.
  4234 | D:4      | Gained mutation: You occasionally shout uncontrollably at your foes. [potion of mutation]
  4234 | D:4      | Gained mutation: You possess an exceptional clarity of mind. [potion of mutation]
  4234 | D:4      | Gained mutation: Potions are less effective at restoring your health. [potion of mutation]
  4234 | D:4      | Gained mutation: You are covered in fur. (AC +1) [potion of mutation]
  4479 | D:4      | Reached XP level 7. HP: 51/55 MP: 12/12
  4649 | D:5      | Entered Level 5 of the Dungeon
  4718 | D:5      | Reached skill level 8 in Poison Magic
  4964 | D:5      | Reached skill level 9 in Poison Magic
  5036 | D:5      | Found a white marble altar of Elyvilon.
  5062 | D:5      | Reached XP level 8. HP: 52/62 MP: 14/14
  5309 | D:5      | Found a shimmering altar of Xom.
  5397 | D:5      | Found a staircase to the Ecumenical Temple.
  5451 | Temple   | Entered the Ecumenical Temple
  6044 | D:6      | HP: 3/62 [ice beast (6)]
  6046 | D:6      | Found an ancient bone altar of Kikubaaqudgha.
  6347 | D:6      | Mangled by a phantom

Vault maps used:
D:1:      saegor_arrival_simple_c, serial_curves, eino_curves_03, eino_curves_03
D:2:      old_standard_altar
D:3:      uniq_terence
D:4:      serial_shops, shop, corexii_item_surrounded_by_moat,
          minmay_fire_ice_demons
D:5:      elyvilon_altar_5, minmay_temple_entry_enclosed_plants,
          portal_sewer_entry_b, first_bread, xom_teletrap_fun
D:6:      kiku_gazebo_pond_becter
Temple:   eino_temple_lava

Skill      XL: |  1  2  3  4  5  6  7 |
---------------+----------------------+-----
Poison Magic   | 5 6 7 9 |  9.7
Conjurations   | 2 3 4 |  4.7
Spellcasting   | 3 4 |  4.7
Dodging        | |  1.5
Stealth        | |  3.0

Action                   |  1- 3 |  4- 6 |  7- 9 || total
-------------------------+-------+-------+-------++-------
Melee: Club              |     5 |       |       ||     5
       Mace              |    53 |   159 |   174 ||   386
 Cast: Sting             |    13 |     4 |    14 ||    31
       Poisonous Vapours |     8 |    17 |    19 ||    44
       Mephitic Cloud    |       |     1 |     3 ||     4
 Abil: Spit Poison       |     2 |     4 |     1 ||     7
  Use: Scroll            |       |    10 |     1 ||    11
       Potion            |       |     9 |       ||     9
 Stab: Sleeping          |     3 |     5 |     2 ||    10
       Confused          |       |       |     1 ||     1
  Eat: Chunk             |     1 |     7 |     5 ||    13
       Royal jelly       |       |     1 |       ||     1
       Fruit             |       |     1 |       ||     1
Armor: Robe              |    15 |    60 |    68 ||   143
Dodge: Dodged            |    49 |   104 |   139 ||   292

Table legend:
 A = Spawn XP
 B = Non-spawn XP
 C = Spawn XP percentage of total XP
 D = Spawn monster count
 E = Non-spawn monster count
 F = Spawn count percentage of total count
 G = Total turns spent on level
                    A         B        C        D         E        F      G
               +---------+---------+-------+---------+---------+-------+---------
         Total |       0 |    1601 |   0.0 |       0 |     104 |   0.0 |  6347
               +---------+---------+-------+---------+---------+-------+---------
           D:1 |       0 |      28 |   0.0 |       0 |      15 |   0.0 |   796
           D:2 |       0 |      97 |   0.0 |       0 |      29 |   0.0 |  1289
           D:3 |       0 |     257 |   0.0 |       0 |      26 |   0.0 |  1193
           D:4 |       0 |     285 |   0.0 |       0 |       7 |   0.0 |  1371
           D:5 |       0 |     769 |   0.0 |       0 |      25 |   0.0 |  1310
           D:6 |       0 |     165 |   0.0 |       0 |       2 |   0.0 |   315
               +---------+---------+-------+---------+---------+-------+---------
